AoeStats
← rfpiercevt09

Arena

515497913Analyzed
4v4 RM · 24d ago on Oct 22, 2026· 36m 57s· 8 players
Game mode
Random Map
Map size
Large (8 player)
Population
200
Speed
Normal
Resources
Standard
Victory
Conquest
Starting age
Dark Age
Ending age
Imperial Age
RankedLock teamsTeams togetherTeam positionsShared explorationLock speedFull tech treeHidden civsTurbo modeCheats
Victory
Defeat
🇨🇳 Poles · China
1184
+15
🇪🇸 Berbers · Spain
1182
+15
🇺🇸 Koreans · United States
1180
+15
🇦🇷 Italians · Argentina
1171
+17
vs
🇹🇼 Mongols · Taiwan
1181
-16
🇹🇼 Wei · Taiwan
1176
-16
🇹🇼 Vietnamese · Taiwan
1167
-15
🇹🇼 Franks · Taiwan
1155
-15
愛莉莎莎的選哲
2:54 Loom
10:07 Feudal Age
10:36 Double-Bit Axe
17:31 Castle Age
22:40 Bow Saw
23:09 Wheelbarrow
25:33 Horse Collar
30:06 Imperial Age
28:31 Fletching
30:03 Bodkin Arrow
30:49 Masonry
蟲蟲
7:09 Loom
11:20 Feudal Age
11:23 Loom
12:33 Double-Bit Axe
17:05 Castle Age
15:09 Horse Collar
18:05 Bow Saw
18:01 Heavy Plow
18:56 Gold Mining
21:58 Wheelbarrow
22:19 Scale Barding Armor
24:36 Chain Barding Armor
24:20 Husbandry
26:04 Hand Cart
26:23 Bloodlines
28:13 Gold Shaft Mining
28:36 Forging
29:45 Town Watch
33:17 Imperial Age
31:34 Tuntian
33:01 Iron Casting
32:21 Stone Mining
32:20 Treadmill Crane
34:38 Heavy Hei Guang Cavalry
35:40 Town Patrol
36:54 Conscription
37:03 Ming Guang Armor
絕境李相赫
10:21 Feudal Age
9:28 Loom
11:01 Double-Bit Axe
17:24 Castle Age
19:05 Bow Saw
19:51 Scale Barding Armor
21:16 Forging
28:53 Wheelbarrow
28:30 Husbandry
32:49 Imperial Age
31:25 Chain Barding Armor
31:00 Gold Mining
32:35 Iron Casting
32:57 Cavalier
36:08 Hand Cart
季喧我孫子
9:25 Loom
11:30 Feudal Age
16:30 Castle Age
14:57 Double-Bit Axe
14:54 Horse Collar
18:09 Bow Saw
18:02 Stone Mining
24:36 Wheelbarrow
23:55 Crossbowman
25:18 Fletching
25:47 Thumb Ring
25:43 Gold Mining
26:54 Bodkin Arrow
28:11 Stone Shaft Mining
28:01 Hand Cart
27:35 Town Watch
32:30 Imperial Age
31:46 Padded Archer Armor
31:17 Pikeman
31:59 Squires
33:19 Leather Archer Armor
32:33 Arbalester
rfpiercevt09
3:48 Loom
10:47 Feudal Age
14:44 Castle Age
15:42 Double-Bit Axe
17:48 Bow Saw
19:22 Fletching
23:59 Horse Collar
23:59 Crossbowman
25:42 Thumb Ring
27:50 Ballistics
31:12 Imperial Age
29:35 Wheelbarrow
29:47 Masonry
30:25 Gold Mining
30:30 Stone Mining
31:47 Hand Cart
31:19 Town Watch
31:40 Bodkin Arrow
33:11 Bracer
34:46 Conscription
34:16 Arbalester
navatonsc
11:02 Feudal Age
14:55 Castle Age
13:21 Scale Barding Armor
13:09 Double-Bit Axe
13:24 Horse Collar
15:42 Bloodlines
15:50 Forging
16:54 Loom
18:36 Wheelbarrow
18:24 Bow Saw
19:08 Heavy Plow
22:27 Town Watch
22:58 Hand Cart
23:04 Chain Barding Armor
23:16 Husbandry
27:18 Gold Mining
27:21 Stone Mining
28:42 Iron Casting
33:34 Imperial Age
32:45 Masonry
33:46 Heavy Camel Rider
33:49 Cavalier
35:06 Plate Barding Armor
35:32 Blast Furnace
35:07 Crop Rotation
35:23 Fletching
35:34 Padded Archer Armor
36:49 Chemistry
36:10 Ballistics
35:17 Light Cavalry
36:02 Town Patrol
36:20 Maghrebi Camels
丧心病狂
10:33 Feudal Age
14:09 Castle Age
12:24 Double-Bit Axe
15:23 Bow Saw
15:05 Horse Collar
20:19 Stone Mining
20:16 Loom
22:00 Scale Barding Armor
22:18 Forging
23:18 Heavy Plow
23:56 Wheelbarrow
23:52 Chain Barding Armor
24:17 Gold Mining
27:51 Imperial Age
26:23 Iron Casting
26:32 Wheelbarrow
26:39 Szlachta Privileges
26:42 Husbandry
26:53 Bloodlines
27:17 Light Cavalry
28:48 Town Watch
29:27 Conscription
28:38 Cavalier
31:17 Blast Furnace
gkypfw2
10:01 Feudal Age
13:48 Castle Age
11:49 Double-Bit Axe
12:30 Horse Collar
13:00 Loom
24:08 Wheelbarrow
24:22 Bow Saw
25:15 Heavy Plow
25:37 Hand Cart
29:38 Imperial Age
27:41 Ballistics
27:16 Fletching
27:38 Padded Archer Armor
27:33 Gold Mining
27:37 Stone Mining
28:12 Bodkin Arrow
29:00 Stone Shaft Mining
29:38 Leather Archer Armor
30:21 Thumb Ring
29:47 Elite Genoese Crossbowman
30:47 Conscription
30:30 Bracer
31:00 Ring Archer Armor
31:36 Chemistry
31:29 Scale Barding Armor
31:35 Forging
33:08 Two-Man Saw
32:41 Crop Rotation
31:56 Light Cavalry
32:47 Bloodlines
32:37 Husbandry
33:09 Hussar
34:10 Chain Barding Armor
34:59 Iron Casting
36:32 Plate Barding Armor
37:44 Blast Furnace
Connection lost

Rejoining the realm…

Still unreachable

The connection could not be restored.

Session expired

The server has moved on; the page needs a fresh start.